 Dungeon Crawl Stone Soup version 0.31-a0-1-g4198be8af4 (webtiles) character file.

Game seed: 15186808895607524941

697 scionoferis the Cudgeller (level 7, -2/63 HPs)
             Began as a Ghoul Berserker on May 1, 2023.
             Was a Believer of Trog.
             Engulfed by a cloud of steam (6 damage)
             ... on level 4 of the Dungeon.
             The game lasted 00:07:22 (3015 turns).

scionoferis the Cudgeller (Ghoul Berserker)         Turns: 3015, Time: 00:07:22

Health: -2/63      AC:  8    Str: 20    XL:     7   Next: 65%
Magic:  6/6        EV:  8    Int:  3    God:    Trog [**....]
Gold:   13         SH:  0    Dex: 10    Spells: 6/6 levels left

rFire   . . .        a - +0 flail
rCold   + . .        (no shield)
rNeg    + + +        c - +0 chain mail
rPois   ∞            (no helmet)
rElec   .            (no cloak)
rCorr   .            (no gloves)
SInv    .            (no boots)
Will    .....        (no amulet) Stlth
                     (no ring)
HPRegen 0.30/turn    (no ring)
MPRegen 0.10/turn

%: no passive effects
@: no status effects
A: claws 1, cold resistance 1, negative energy resistance 3, inhibited
regeneration, torment resistance 2, devour on kill
a: Renounce Religion, Trog's Hand


You were on level 4 of the Dungeon.
You worshipped Trog.
Trog was pleased with you.
You visited 1 branch of the dungeon, and saw 4 of its levels.

You collected 156 gold pieces.
You spent 143 gold pieces at shops.


Innate Abilities, Weirdness & Mutations

You are immune to poison.
You have sharp fingernails.
Your flesh is cold resistant. (rC+)
You are immune to negative energy. (rN+++)
You do not regenerate when monsters are visible.
You are immune to unholy pain and torment.
You thrive by killing the living.


   Skills:
 + Level 6.1 Fighting
 * Level 6.6 Maces & Flails
 - Level 1.7 Armour
 - Level 1.7 Dodging


You had 6 spell levels left.
You didn't know any spells.
Your spell library was empty.

Inventory:

Hand Weapons
 a - a +0 flail (weapon)
   (You took it off an orc on level 3 of the Dungeon)
Missiles
 n - 5 poisoned darts (quivered)
Armour
 c - a +0 chain mail (worn)
   (You found it on level 1 of the Dungeon)
Wands
 s - a wand of quicksilver (7)
   (You took it off Natasha on level 3 of the Dungeon)
Scrolls
 f - 2 scrolls of enchant weapon
 i - a scroll of blinking
 j - 2 scrolls of vulnerability {unknown}
 k - a scroll of brand weapon
 l - 4 scrolls of poison
 o - a scroll of immolation {unknown}
 r - a scroll of teleportation
Potions
 b - a potion of attraction
 d - 3 potions of lignification
 e - a potion of heal wounds {unknown}
 g - a potion of degeneration {unknown}
 h - 2 potions of curing
 m - a potion of might {unknown}
 p - a potion of flight {unknown}
 q - a potion of cancellation {unknown}

Dungeon Overview and Level Annotations

Branches:
Dungeon (4/15)
 Temple: D:4-7

Altars:

Shops:
D:3 ?

Annotations:
D:4 Eustachio

#### . .... .. ..... ...
..... .... .... ..... ..
..####......
....'#.#.'......
#...#.#@##......
.#+...'#.#§###########
.#.#...#.#§§§..####..:#####
#.#.....#§..§§.'......'....
#.#.#.#.#..§..####...#####
.#.#.#.#....§§# #...# #..
.# .#.#.#.#.#.....####...#
#.. #.#
#.#.#.#.#.#......##...# #..
#.# #.#.#.#.#........#...#
###


There were no monsters in sight!


Message History

Found a stone staircase leading down.
There is a stone staircase leading down here.
A giant cockroach comes into view.
You see here 2 gold pieces.
A giant cockroach is nearby!
The giant cockroach barely misses you.
You hit the giant cockroach.
The giant cockroach is severely wounded.
The giant cockroach bites you but does no damage. x2
You barely miss the giant cockroach.
The giant cockroach is heavily wounded.
The giant cockroach barely misses you.
You hit the giant cockroach.
You kill the giant cockroach!
Trog accepts your kill.
No target in view!
You now have 61 gold pieces (gained 2).
Found a stone staircase leading up.
You open the door.
There is an open door here.
There is an open door here.
You see here a ball python skeleton.
Found a stone staircase leading down.
There is a stone staircase leading down here.
You now have 68 gold pieces (gained 7).
You now have 77 gold pieces (gained 9).
A giant cockroach comes into view.
Found 6 gold pieces.
A giant cockroach is nearby!
You hit the giant cockroach.
The giant cockroach is severely wounded.
The giant cockroach bites you but does no damage.
The giant cockroach barely misses you.
You hit the giant cockroach.
The giant cockroach is almost dead.
The giant cockroach bites you but does no damage. x2
You barely miss the giant cockroach.
The giant cockroach is almost dead.
The giant cockroach bites you but does no damage.
A giant cockroach is nearby!
You closely miss the giant cockroach.
The giant cockroach is almost dead.
The giant cockroach bites you but does no damage. x2
You closely miss the giant cockroach. Your claw misses the giant cockroach.
The giant cockroach is almost dead.
The giant cockroach barely misses you.
You closely miss the giant cockroach.
The giant cockroach is almost dead.
The giant cockroach bites you but does no damage.
You barely miss the giant cockroach.
The giant cockroach is almost dead.
The giant cockroach bites you but does no damage.
The giant cockroach bites you.
You closely miss the giant cockroach.
The giant cockroach is almost dead.
The giant cockroach barely misses you. The giant cockroach bites you.
You hit the giant cockroach.
You kill the giant cockroach!
Trog accepts your kill.
No target in view!
You now have 83 gold pieces (gained 6).
You now have 89 gold pieces (gained 6).
Found a stone staircase leading up.
Done exploring.
Done exploring.
There is an escape hatch in the floor here.
There is a stone staircase leading down here.
You climb downwards.
Found a scroll labelled CAMIJ LO QUKE and a robe.
Found an escape hatch in the ceiling and an escape hatch in the floor.
There is a stone staircase leading up here.
You hit the endoplasm.
The endoplasm is heavily wounded.
The endoplasm hits you but does no damage.
You thump the endoplasm!
You kill the endoplasm!
Trog accepts your kill.
No target in view!
o - a scroll labelled CAMIJ LO QUKE
Found a hand axe and a Trismegistus Codex.
An orc comes into view. It is wielding a +0 falchion.
Found a fuming ruby potion.
The orc shouts!
An orc is nearby! 2 orc wizards come into view.
Found 4 large rocks.
The orc wizard shouts!
You hear an angry hiss. x2
An orc comes into view. It is wielding a +0 short sword.
An adder comes into view.
You closely miss the orc. The orc hits you with a +0 falchion.
You hit the orc.
The orc is severely wounded.
The orc wizard points at you and mumbles some strange words.
The puff of flame hits you. The orc hits you but does no damage.
The orc wizard gestures at you while chanting.
The puff of flame hits you. The orc hits you but does no damage.
Jessica the Apprentice Sorceress comes into view.
She is wielding a +0 club and carrying a wand of flame (3).
The orc attacks as you move away! The orc hits you with a +0 falchion.
The orc attacks as you move away! The orc closely misses you.
The orc wizard casts a spell.
The orc wizard flickers and vanishes!
Deactivating autopickup; reactivate with Ctrl-A.
The orc wizard mumbles some strange words.
The orc wizard flickers and vanishes!
There is a stone staircase leading up here.
You sock the orc!
You kill the orc!
Trog accepts your kill. The adder bites you but does no damage.
You climb upwards.
Reactivating autopickup.
There is a stone staircase leading down here.
You miss the adder. The adder barely misses you. The adder closely misses you.
You hit the adder.
The adder is moderately wounded.
The adder bites you.
You barely miss the adder.
The adder is moderately wounded.
The adder bites you. The adder bites you but does no damage.
You barely miss the adder.
The adder is moderately wounded.
The adder closely misses you. The adder barely misses you.
You barely miss the adder.
The adder is moderately wounded.
The adder bites you.
You hit the adder.
The adder is moderately wounded.
The adder bites you but does no damage. The adder barely misses you.
You hit the adder.
The adder is heavily wounded.
The adder bites you but does no damage.
You hit the adder but do no damage.
The adder is heavily wounded.
The adder closely misses you. The adder bites you but does no damage.
You hit the adder.
The adder is almost dead.
The adder bites you but does no damage. x2
You sock the adder!
You kill the adder!
Trog accepts your kill.
No target in view!
You start resting.
HP restored.
You climb downwards.
Level annotation: Jessica The orc wizard casts a spell at you.
You resist with significant effort.
There is a stone staircase leading up here.
Okay, then.
The orc wizard points at you and mumbles some strange words.
You resist with significant effort. The orc wizard casts a spell at you.
The magic dart hits you.
You climb upwards.
There is a stone staircase leading down here.
You start resting.
HP restored.
You climb downwards.
Level annotation: Jessica The orc wizard gestures at you while chanting.
You resist with significant effort. The orc barely misses you.
The orc closely misses you. The orc wizard casts a spell at you.
You resist with significant effort.
There is a stone staircase leading up here.
The orc hits you but does no damage.
You climb upwards.
There is a stone staircase leading down here.
You sock the orc!
You kill the orc!
Trog accepts your kill.
No target in view!
No target in view!
You climb downwards.
Level annotation: Jessica Jessica casts a spell.
Jessica blinks!
There is a stone staircase leading up here.
Jessica casts a spell.
Jessica blinks!
The orc wizard gestures at you while chanting.
The puff of flame hits you.
The orc wizard gestures at you while chanting.
You resist with significant effort.
You climb upwards.
There is a stone staircase leading down here.
You see here a +0 dagger.
HP restored.
There is a stone staircase leading down here.
You climb downwards.
Level annotation: Jessica
Found 7 stones.
Found a stone staircase leading down.
There is a stone staircase leading up here.
You see here a staff of poison.
You now have 104 gold pieces (gained 15).
You open the door.
There is an open door here.
A ball python comes into view.
The ball python hisses angrily.
You closely miss the ball python. The ball python barely misses you.
The ball python grabs you. The ball python constricts you.
You hit the ball python.
The ball python is moderately wounded.
The ball python bites you but does no damage.
The ball python constricts you. The ball python barely misses you.
The ball python constricts you.
You sock the ball python!
You kill the ball python!
Trog accepts your kill.
No target in view!
No target in view!
You open the door.
There is an open door here.
h - 2 pink potions (gained 1)
Found a leather armour.
h - 3 pink potions (gained 1)
You open the door.
There is an open door here.
Found Alig's Magic Scroll Boutique.
d - 3 fuming ruby potions (gained 2)
Found a stone staircase leading down.
You now have 112 gold pieces (gained 8).
j - 2 scrolls labelled WOTE YNAAF (gained 1)
There is an entrance to Alig's Magic Scroll Boutique here.
p - 3 scrolls of identify;
p - 4 scrolls of identify (gained 1) Thank you for shopping at Alig's Magic Scroll Boutique!
As you read the scroll of identify, it crumbles to dust.
f - a scroll of enchant weapon
As you read the scroll of identify, it crumbles to dust.
i - a scroll of blinking
As you read the scroll of identify, it crumbles to dust.
k - a scroll of brand weapon
As you read the scroll of identify, it crumbles to dust.
l - a scroll of poison
Okay, then.
A rat comes into view.
Found an orange potion.
The rat bites you.
You closely miss the rat. The rat bites you but does no damage.
You hit the rat.
You kill the rat!
Trog accepts your kill.
You can now call upon Trog for regeneration and willpower.
No target in view!
No target in view!
HP restored.
You see here a rat corpse.
You now have 11 gold pieces (gained 3).
Found a ring mail.
A hobgoblin comes into view.
Jessica shouts!
Jessica mumbles some strange words.
Jessica blinks!
You hit the hobgoblin.
The hobgoblin is heavily wounded.
The hobgoblin completely misses you.
You hit the hobgoblin.
You kill the hobgoblin!
Trog accepts your kill.
You start waiting.
Jessica is nearby!
Press: ? - help, v - describe, . - travel
Here: Jessica, wielding a +0 club, wearing a +0 robe and carrying a wand of flame (3)
The floor.
Your skin crawls.
You feel strong-willed.
You can no longer call upon Trog for regeneration and willpower.
Jessica zaps a wand.
The puff of flame hits you! Jessica closely misses you.
You see here a hobgoblin corpse.
You thump Jessica!
Jessica is severely wounded.
Jessica hits you but does no damage.
You closely miss Jessica.
Jessica is severely wounded.
Jessica hits you but does no damage.
You barely miss Jessica.
Jessica is severely wounded.
Jessica zaps a wand.
The puff of flame hits you.
You hit Jessica.
Jessica is almost dead.
Jessica grins evilly.
Jessica drinks a potion.
Jessica seems to speed up.
Jessica misses you.
You closely miss Jessica.
Jessica is almost dead.
Jessica casts a spell.
Jessica blinks!
You thump Jessica!
You kill Jessica!
Trog accepts your kill.
Trog appreciates your killing of a magic user.
You feel better.
Your Fighting skill increases to level 4!
Your Maces & Flails skill increases to level 4!
You have reached level 4!
p - a wand of flame (1)
Things that are here:
a +0 club; a +0 robe You see here a hobgoblin corpse.
You feel the effects of Trog's Hand fading.
q - an orange potion Your skin stops crawling.
You feel less strong-willed.
Natasha, Servant of Life and Death comes into view.
Natasha hisses angrily.
Natasha howls an incantation.
Natasha shimmers violently.
Press: ? - help, v - describe, . - travel
Here: Natasha The floor.
Okay, then.
Natasha mumbles some strange words.
Natasha's front paws start to glow.
You hit Natasha.
Natasha is lightly wounded.
Natasha claws you. Natasha barely misses you.
You barely miss Natasha.
Natasha is lightly wounded.
Natasha casts a spell at you. The magic dart hits you.
You barely miss Natasha. Natasha closely misses you.
You barely miss Natasha. Natasha claws you.
You hit Natasha.
Natasha is moderately wounded.
Natasha howls an incantation.
Natasha glows brightly for a moment.
Natasha casts a spell at you.
The magic dart hits you but does no damage.
You barely miss Natasha.
Natasha is moderately wounded.
Natasha mumbles some strange words.
Natasha closely misses you.
You closely miss Natasha.
Natasha is moderately wounded.
Natasha claws you! The cerulean imp barely misses you.
You closely miss Natasha.
Natasha is moderately wounded.
The cerulean imp hits you from afar with a +2 spear.
Natasha closely misses you.
You barely miss Natasha.
Natasha is moderately wounded.
The cerulean imp closely misses you. Natasha completely misses you.
You hit Natasha.
Natasha is heavily wounded.
The cerulean imp hits you but does no damage.
Natasha barely misses you.
You closely miss Natasha.
Natasha is heavily wounded.
The cerulean imp hits you but does no damage.
Natasha closely misses you. Natasha claws you.
The cerulean imp hits you but does no damage.
You hit Natasha.
Natasha is almost dead.
Natasha claws you but does no damage.
The cerulean imp hits you from afar with a +2 spear.
You closely miss Natasha.
Natasha is almost dead.
The cerulean imp hits you from afar with a +2 spear.
Natasha casts a spell at you. The magic dart hits you.
* * * LOW HITPOINT WARNING * * *
You hit Natasha but do no damage.
Natasha is almost dead.
The cerulean imp hits you from afar with a +2 spear.
* * * LOW HITPOINT WARNING * * *
Natasha closely misses you.
You barely miss Natasha.
Natasha is almost dead.
The cerulean imp hits you but does no damage.
Natasha claws you.
* * * LOW HITPOINT WARNING * * *
You hit Natasha.
You kill Natasha!
Trog accepts your kill.
Trog appreciates your killing of a magic user.
You can now call upon Trog for regeneration and willpower.
Natasha screams in fury as she dies!
The cerulean imp disappears in a puff of smoke!
You see here a hobgoblin corpse.
Things that are here:
a +0 club; a +0 robe As you close the door, it creaks loudly!
You start resting.
HP restored.
Things that are here:
a +0 club; a +0 robe You see here a hobgoblin corpse.
f - 2 scrolls of enchant weapon (gained 1)
You see here 5 stones.
You open the door.
A goblin comes into view. It is wielding a +0 dagger.
The goblin shouts!
The goblin unwields a +0 dagger.
The goblin wields a +0 sling.
The goblin shoots a sling bullet.
The sling bullet barely misses you.
The goblin shoots a sling bullet.
The sling bullet closely misses you.
There is an open door here.
The goblin shoots a sling bullet.
The sling bullet hits you.
The goblin unwields a +0 sling.
The goblin wields a +0 dagger.
The goblin hits you but does no damage.
You sock the goblin!
You kill the goblin!
Trog accepts your kill.
No target in view!
Found a stone staircase leading up.
Things that are here:
a +0 dagger; a +0 sling; a goblin corpse
There is an open door here.
You now have 29 gold pieces (gained 18).
The orc wizard shouts!
You hear a shout!
An orc priest comes into view. It is wielding a +0 hand axe.
You start waiting.
An orc wizard is nearby!
The orc wizard casts a spell at you. You resist with some effort.
You fail to use your ability.
The orc wizard casts a spell at you. The puff of flame misses you.
You hit the orc wizard but do no damage.
The orc wizard points at you and mumbles some strange words.
The magic dart hits you.
You barely miss the orc wizard.
The orc wizard hits you but does no damage.
The orc priest begins to cast a cantrip, but forgets the words!
You hit the orc priest.
The orc priest is heavily wounded.
The orc wizard hits you but does no damage.
The orc priest barely misses you.
You hit the orc priest.
The orc priest is severely wounded.
The orc wizard casts a spell at you.
You are confused.
The orc priest hits you with a +0 hand axe.
You barely miss the orc priest.
The orc priest is severely wounded.
The orc wizard hits you but does no damage.
The orc priest hits you but does no damage.
You hit the orc priest.
The orc priest is almost dead.
The orc wizard gestures at you while chanting.
You are more confused.
The orc priest invokes the aid of Beogh against you.
Beogh smites you!
You're too confused to move!
The orc wizard hits you with a +0 dagger.
The orc priest hits you with a +0 hand axe.
You hit the orc priest but do no damage.
The orc priest is almost dead.
The orc wizard closely misses you. The orc priest barely misses you.
The orc wizard barely misses you.
The orc priest hits you but does no damage.
It was a potion of lignification.
You feel woody for a moment.
The orc wizard hits you with a +0 dagger.
The orc priest hits you with a +0 hand axe.
It was a potion of attraction.
You feel attractive to monsters.
The orc wizard hits you but does no damage.
The orc priest barely misses you.
It was a potion of curing.
You feel better.
The orc wizard hits you but does no damage.
The orc priest barely misses you.
You hit the orc priest.
You kill the orc priest!
Trog accepts your kill.
You feel better.
The orc wizard hits you with a +0 dagger.
You have reached level 5!
You feel stronger.
You closely miss the orc wizard.
The orc wizard gestures at you while chanting.
You are confused.
You bump into the rock wall.
The orc wizard hits you with a +0 dagger.
You barely miss the orc wizard.
The orc wizard hits you but does no damage.
You bump into the rock wall.
The orc wizard barely misses you.
You miss the orc wizard. The orc wizard barely misses you.
You bump into the rock wall.
You feel less confused. The orc wizard closely misses you.
You barely miss the orc wizard.
The orc wizard hits you but does no damage.
You sock the orc wizard!
The orc wizard is heavily wounded.
The orc wizard casts a spell at you. You resist with some effort.
The orc wizard hits you with a +0 dagger.
You hit the orc wizard but do no damage.
The orc wizard is heavily wounded.
The orc wizard hits you but does no damage.
You closely miss the orc wizard.
The orc wizard is heavily wounded.
The orc wizard barely misses you.
You thump the orc wizard!
The orc wizard is almost dead.
The orc wizard hits you but does no damage.
You barely miss the orc wizard.
The orc wizard is almost dead.
The orc wizard hits you but does no damage.
You barely miss the orc wizard.
The orc wizard is almost dead.
The orc wizard closely misses you.
You hit the orc wizard.
You kill the orc wizard!
Trog accepts your kill.
Trog appreciates your killing of a magic user.
You now have 41 gold pieces (gained 12).
Things that are here:
a +0 dagger; a +0 robe You start resting.
An orc comes into view. It is wielding a +0 flail.
The orc is attracted toward you.
You closely miss the orc.
The orc shouts!
You hear a shout!
The orc hits you but does no damage. The orc hits you with a +0 flail.
You hit the orc.
The orc is heavily wounded.
The orc barely misses you.
You hit the orc.
You kill the orc!
Trog accepts your kill.
You feel better. The orc wizard is attracted toward you.
Items here: )) [[.
The orc wizard points at you and mumbles some strange words.
You are confused.
You closely miss the orc wizard.
The orc wizard mumbles some strange words.
The orc wizard flickers and vanishes!
Deactivating autopickup; reactivate with Ctrl-A.
You bump into the rock wall.
Something hits you but does no damage.
You feel less attractive to monsters.
You bump into the rock wall.
Something hits you but does no damage.
You bump into the rock wall.
Something hits you.
You closely miss something. Something hits you.
You feel less confused.
Items here: )) [[.
Your skin crawls.
You feel strong-willed. Something hits you.
You closely miss something.
You hear some strange, mumbled words.
A puff of flame appears from out of thin air!
The puff of flame misses you.
You hear some strange, mumbled words.
A puff of flame appears from out of thin air!
The puff of flame hits you.
You miss something. Something hits you but does no damage.
You hit something but do no damage. Something hits you but does no damage.
You miss something. Something hits you but does no damage.
You hit something.
You hear some strange, mumbled words.
A puff of flame appears from out of thin air!
The puff of flame hits you but does no damage.
You closely miss something. Something hits you.
You closely miss something. Something hits you but does no damage.
You sock something!
You feel the effects of Trog's Hand fading.
Something hits you. Something hits you but does no damage.
You hit something. Trog accepts your kill.
Trog appreciates your killing of a magic user.
Reactivating autopickup.
You feel a bit more experienced.
Things that are here:
a +0 dagger; a +0 robe; an orc corpse
Things that are here:
a +0 dagger; a +0 robe; an orc corpse
Items here: )) [[.
Okay, then.
Your skin stops crawling.
You feel less strong-willed.
HP restored.
Things that are here:
a +0 dagger; a +0 robe; an orc corpse
Found a stone staircase leading down.
There is an open door here.
You see here a +0 hand axe.
d - 3 potions of lignification (gained 1)
There is a stone staircase leading down here.
Things that are here:
a +0 dagger; a +0 robe; an orc corpse
Items here: )) [[.
Things that are here:
a +0 dagger; a +0 robe Done exploring.
Done exploring.
Search for what [? for help]? d:
Things that are here:
a +0 dagger; a +0 robe
Items here: )) [[.
r - a +0 flail Adjust to which letter? (? for menu, Esc to quit)
a - a +0 flail;
r - a +0 mace (weapon)
a - a +0 flail (weapon)
You drop a +0 mace.
Done exploring.
Search for what [Enter for "d:", or ? for help]? d: You have 41 gold pieces.
Unknown command.
Things that are here:
a +0 dagger; a +0 robe
Things that are here:
a +0 club; a +0 robe
There is an entrance to Alig's Magic Scroll Boutique here.
r - a scroll of teleportation Thank you for shopping at Alig's Magic Scroll Boutique!
There is a stone staircase leading down here.
You climb downwards.
The ball python hisses angrily.
You hear a shout!
There is a stone staircase leading up here.
A goblin comes into view. It is wielding a +0 club.
The ball python barely misses you. The ball python grabs you.
The ball python constricts you.
You hit the ball python.
The ball python is severely wounded.
The ball python bites you but does no damage.
The ball python constricts you.
You hit the ball python.
You kill the ball python!
Trog accepts your kill.
You closely miss the goblin. The goblin hits you but does no damage.
You sock the goblin!
You kill the goblin!
Trog accepts your kill.
No target in view!
Things that are here:
a +0 club; a goblin corpse; a ball python corpse
Found 7 stones.
Found a stone staircase leading up.
Found a stone staircase leading down.
Found a ring mail.
Eustachio the Magnificent comes into view.
He is wielding a +0 rapier.
Eustachio shouts!
Eustachio growls, "To hell with you, honourless miscreant!"
Eustachio casts a spell.
Eustachio gestures wildly while chanting.
Eustachio blinks!
There is a stone staircase leading up here.
You hit the river rat.
The river rat is moderately wounded.
The river rat bites you but does no damage.
You hit the river rat but do no damage.
The river rat is moderately wounded.
Eustachio gestures wildly while chanting.
The river rat barely misses you.
You hit the river rat.
The river rat is moderately wounded.
Eustachio casts a spell.
The river rat barely misses you.
You sock the river rat!
You kill the river rat!
The river rat's corpse disappears in a puff of smoke!
The bat hits you but does no damage. The bat barely misses you.
The bat closely misses you.
You climb upwards.
There is a stone staircase leading down here.
You start waiting.
Natasha, Servant of Life and Death comes into view.
She is carrying a wand of quicksilver (9).
Natasha claws you but does no damage.
You see here a staff of poison.
You sock Natasha!
Natasha is almost dead.
Natasha claws you.
You thump Natasha!
You kill Natasha!
Trog accepts your kill.
Trog appreciates your killing of a magic user.
Natasha screams in pain as she dies!
You see here the felid corpse of Natasha.
HP restored.
Done exploring.
There is an open door here.
Items here: )) [[.
Things that are here:
a +0 robe; a +0 dagger; an orc skeleton You see here a Trismegistus Codex.
There is an open door here.
Natasha, Servant of Life and Death comes into view.
She is carrying a wand of quicksilver (9).
Natasha zaps a wand.
The bolt of dispelling energy hits you!
There is an open door here.
You close the door.
You start resting.
Something unseen opens the door.
You closely miss Natasha. Natasha claws you.
You hit Natasha but do no damage.
Natasha drinks a potion.
Natasha suddenly seems more resistant.
You hit Natasha but do no damage. Natasha closely misses you.
You hit Natasha.
Natasha is lightly wounded.
Natasha closely misses you.
You closely miss Natasha.
Natasha is lightly wounded.
Natasha claws you.
You miss Natasha.
Natasha is lightly wounded.
Natasha mumbles some strange words.
You thump Natasha!
Natasha is almost dead.
Natasha mumbles some strange words.
Natasha claws you but does no damage.
You hit Natasha.
You kill Natasha!
Trog accepts your kill.
Trog appreciates your killing of a magic user.
You feel Natasha's spirit has finally been put to rest.
The cerulean imp disappears in a puff of smoke! x2
Your Maces & Flails skill increases to level 5!
You have reached level 6!
s - a wand of quicksilver (8)
There is an open door here.
There is a stone staircase leading down here.
You start resting.
HP restored.
You climb downwards.
Level annotation: Eustachio
There is a stone staircase leading up here.
A goblin comes into view. It is wielding a +0 club.
The goblin shouts!
A gnoll comes into view. It is wielding a +0 club.
You start waiting.
A goblin is nearby!
You hit the goblin.
You kill the goblin!
Trog accepts your kill.
A giant cockroach comes into view.
You see here a +0 club.
The giant cockroach barely misses you.
You closely miss the giant cockroach. The giant cockroach closely misses you.
Menkaure, Prince of Dust comes into view.
You sock the giant cockroach!
You kill the giant cockroach!
Trog accepts your kill.
Your skin crawls.
You feel strong-willed.
Menkaure mumbles some strange words.
Menkaure seems to speed up.
Menkaure hits you but does no damage.
You sock Menkaure!
Menkaure is moderately damaged.
Menkaure hits you!
You hit Menkaure.
Menkaure is heavily damaged.
Menkaure hits you.
You hit Menkaure.
Menkaure is severely damaged.
Menkaure hits you! Menkaure closely misses you.
You sock Menkaure!
You destroy Menkaure!
Trog accepts your kill.
Trog appreciates your killing of a magic user.
Your Fighting skill increases to level 5!
There is a stone staircase leading up here.
You feel the effects of Trog's Hand fading.
HP restored.
You see here a +0 club.
Your skin stops crawling.
You feel less strong-willed.
A gnoll comes into view. It is wielding a +0 sling of freezing.
The gnoll shouts!
You hear a shout!
The gnoll shoots a sling bullet.
The sling bullet hits you.
You see here a +0 club.
You start resting.
A gnoll is nearby!
You see here a +0 club.
The gnoll shoots a sling bullet.
The sling bullet hits you.
You start resting.
A gnoll is nearby!
A gnoll comes into view. It is wielding a +0 whip.
The gnoll shouts!
You hear a shout!
The gnoll unwields a +0 sling of freezing.
The gnoll wields a +0 club.
The gnoll hits you but does no damage.
You see here a +0 club.
You sock the gnoll!
The gnoll is almost dead.
The gnoll hits you but does no damage.
You hit the gnoll.
You kill the gnoll!
Trog accepts your kill.
You feel better.
An ufetubus comes into view.
You sock the gnoll!
The gnoll is severely wounded.
The gnoll completely misses you.
You closely miss the gnoll.
The gnoll is severely wounded.
The gnoll hits you with a +0 club.
You thump the gnoll!
You kill the gnoll!
Trog accepts your kill.
You feel better. The gnoll hits you with a +0 whip.
You sock the gnoll!
The gnoll is severely wounded.
The gnoll completely misses you.
You hit the gnoll but do no damage.
The gnoll is severely wounded.
The gnoll hits you with a +0 whip.
You hit the gnoll.
You kill the gnoll!
Trog accepts your kill.
You miss the ufetubus. You claw the ufetubus!
You kill the ufetubus!
Trog accepts your kill.
Things that are here:
a +0 whip; a +0 club HP restored.
Things that are here:
a +0 club; a +0 sling of freezing; a gnoll corpse You open the door.
An endoplasm comes into view.
The endoplasm quivers.
There is an open door here.
An ice beast comes into view.
You sock the endoplasm!
You kill the endoplasm!
Trog accepts your kill.
Unknown command.
Aiming: Throw Flame
Press: ? - help, Shift-Dir - straight line, f - ice beast
Aim: an ice beast (68% to hit)
The puff of flame hits the ice beast!
The ice beast melts!
The ice beast is moderately wounded.
The now-empty wand crumbles to dust.
Unknown command.
You sock the ice beast!
The ice beast is severely wounded.
The ice beast barely misses you.
You hit the ice beast.
The ice beast is severely wounded.
The ice beast hits you. The ice beast freezes you. You resist.
You sock the ice beast!
You kill the ice beast!
Trog accepts your kill.
Your Maces & Flails skill increases to level 6!
You have reached level 7!
You open the door.
There is an open door here.
An orc and an endoplasm come into view.
The orc hits you but does no damage.
The endoplasm moves out of view.
You hit the orc.
The orc is almost dead.
The orc hits you but does no damage.
You closely miss the orc.
The orc is almost dead.
The orc closely misses you.
You sock the orc!
You kill the orc!
Trog accepts your kill.
Things that are here:
a +0 club; a +0 leather armour The endoplasm quivers.
An endoplasm is nearby!
The endoplasm hits you.
You hit the endoplasm.
The endoplasm is almost dead.
The endoplasm hits you.
You sock the endoplasm!
You kill the endoplasm!
Trog accepts your kill.
You feel better.
No target in view!
There is an open door here.
p - a yellow potion You open the door.
A hobgoblin comes into view.
The hobgoblin shouts!
There is an open door here.
You closely miss the hobgoblin.
The hobgoblin hits you but does no damage.
You sock the hobgoblin!
You kill the hobgoblin!
Trog accepts your kill.
No target in view!
A phantom comes into view.
The phantom hits you.
The phantom blinks!
You blink.
Found 11 gold pieces.
You closely miss the phantom. Your claw misses the phantom.
The phantom hits you.
The phantom blinks!
You blink.
You miss the phantom. The phantom hits you.
You sock the phantom!
The phantom is moderately damaged.
The phantom completely misses you.
The phantom hits you but does no damage.
You closely miss the phantom.
The phantom is moderately damaged.
The phantom barely misses you.
You sock the phantom!
The phantom is severely damaged.
The phantom hits you.
You hit the phantom but do no damage.
The phantom is severely damaged.
The phantom hits you.
The phantom blinks!
You blink.
You hit the phantom.
The phantom is almost destroyed.
The phantom closely misses you.
You closely miss the phantom.
The phantom is almost destroyed.
The phantom misses you.
You miss the phantom.
The phantom is almost destroyed.
The phantom barely misses you.
You closely miss the phantom.
The phantom is almost destroyed.
The phantom hits you but does no damage.
You hit the phantom.
The phantom is almost destroyed.
The phantom hits you.
The phantom blinks!
You blink.
You hit the phantom.
You destroy the phantom!
Trog accepts your kill.
An endoplasm comes into view.
The endoplasm quivers.
The endoplasm freezes you.
You are frozen.
You resist.
You hit the endoplasm but do no damage.
The endoplasm hits you but does no damage. x2
You thump the endoplasm!
You kill the endoplasm!
Trog accepts your kill.
You feel better.
No target in view!
You now have 13 gold pieces (gained 11).
l - 4 scrolls of poison (gained 3)
Found a book of Minor Magic.
There is an open door here.
There is an open door here.
There is an open door here.
There is an open door here.
There is an open door here.
A goblin comes into view. It is wielding a +0 dagger.
The goblin shouts!
Unknown command.
A steam dragon comes into view.
The steam dragon hisses angrily.
There is an open door here.
You start waiting.
A goblin is nearby!
You sock the goblin!
You kill the goblin!
Trog accepts your kill.
You start waiting.
A steam dragon is nearby!
You hit the steam dragon.
The steam dragon is lightly wounded.
The steam dragon breathes steam at you. The ball of steam hits you!
You hear a shout!
You sock the steam dragon!
The steam dragon is moderately wounded.
You are engulfed in a cloud of scalding steam.
The steam dragon barely misses you. The steam dragon claws you.
You hit the steam dragon.
The steam dragon is heavily wounded.
You are engulfed in a cloud of scalding steam.
The steam dragon barely misses you.
The steam dragon claws you but does no damage.
You barely miss the steam dragon.
The steam dragon is heavily wounded.
You are engulfed in a cloud of scalding steam.
The steam dragon closely misses you. x2
You barely miss the steam dragon.
The steam dragon is heavily wounded.
The steam dragon bites you. The steam dragon closely misses you.
You hit the steam dragon but do no damage.
The steam dragon is heavily wounded.
The steam dragon completely misses you. The steam dragon claws you.
You closely miss the steam dragon.
The steam dragon is heavily wounded.
The steam dragon bites you. The steam dragon barely misses you.
You hit the steam dragon.
The steam dragon is heavily wounded.
The steam dragon bites you but does no damage.
The steam dragon claws you. The steam dragon bites you.
The steam dragon claws you but does no damage.
You hit the steam dragon.
The steam dragon is heavily wounded.
The steam dragon bites you.
The steam dragon claws you but does no damage.
You thump the steam dragon!
The steam dragon is almost dead.
The steam dragon breathes steam at you. The ball of steam hits you!
* * * LOW HITPOINT WARNING * * *
You hear a shout!
You hit the steam dragon.
The steam dragon is almost dead.
You are engulfed in a cloud of scalding steam.
The steam dragon breathes steam at you. The ball of steam hits you!
* * * LOW HITPOINT WARNING * * *
Unknown command.
Press: ? - help, v - describe, . - travel, g - get item
Here: a steam dragon (steam, almost dead, catching its breath) Item here: a +0 dagger.
The floor, spattered with blood.
Unknown command.
Aiming: Quicksilver Bolt
Press: ? - help, Shift-Dir - straight line, f - steam dragon
Aim: a steam dragon (steam, almost dead, catching its breath, 71% to hit)
The bolt of dispelling energy hits the steam dragon!
You kill the steam dragon!
Trog accepts your kill.
You are engulfed in a cloud of scalding steam.
Your Fighting skill increases to level 6!
You are engulfed in a cloud of scalding steam.
You die...

Skill      XL: |  1  2  3  4  5  6  7 |
---------------+----------------------+-----
Maces & Flails | 3 4 5 6 |  6.6
Fighting       | 4 5 6 |  6.1
Armour         | |  1.7
Dodging        | |  1.7

Action                     |  1- 3 |  4- 6 |  7- 9 || total
---------------------------+-------+-------+-------++-------
  Melee: Mace              |   107 |    50 |       ||   157
         Flail             |       |    38 |    33 ||    71
         Punch             |       |     1 |       ||     1
 Invoke: Trog's Hand       |     1 |     2 |       ||     3
  Evoke: Wand              |       |     1 |     1 ||     2
    Use: Scroll            |     4 |       |       ||     4
         Potion            |       |     3 |       ||     3
 Armour: Chain mail        |    70 |    37 |    15 ||   122
  Dodge: Dodged            |    50 |    39 |    13 ||   102

Levels and vault maps discovered:
D:1:      giann_horns, layout_basic
D:2:      cheibrodos_old_hovel, layout_basic
D:3:      layout_basic, serial_shops, shop, uniq_jessica, uniq_natasha
D:4:      layout_basic, minmay_misc_feat_ornament, minmay_manual_mail,
          uniq_duvessa, uniq_eustachio, uniq_menkaure, uniq_pikel

Notes
Turn   | Place    | Note
-------+----------+-------------------------------------------
     0 | D:1      | scionoferis the Ghoul Berserker began the quest for the
                  | Orb.
     0 | D:1      | Reached XP level 1. HP: 19/19 MP: 0/0
   245 | D:1      | Reached skill level 3 in Maces & Flails
   245 | D:1      | Reached XP level 2. HP: 26/26 MP: 1/1
  1077 | D:2      | Reached XP level 3. HP: 25/33 MP: 2/2
  1500 | D:3      | Noticed Jessica
  1729 | D:3      | Found Alig's Magic Scroll Boutique.
  1742 | D:3      | Bought 3 scrolls of identify for 78 gold pieces
  1742 | D:3      | Bought a scroll of identify for 26 gold pieces
  1751 | D:3      | Reached ** piety under Trog
  1790 | D:3      | Killed Jessica
  1791 | D:3      | Reached skill level 4 in Fighting
  1791 | D:3      | Reached skill level 4 in Maces & Flails
  1791 | D:3      | Reached XP level 4. HP: 40/40 MP: 3/3
  1811 | D:3      | Noticed Natasha
  1830 | D:3      | Killed Natasha
  2073 | D:3      | Reached XP level 5. HP: 33/47 MP: 4/4
  2282 | D:3      | Bought a scroll of teleportation for 39 gold pieces
  2324 | D:4      | Noticed Eustachio
  2405 | D:3      | Noticed Natasha
  2410 | D:3      | Killed Natasha
  2509 | D:3      | Noticed Natasha
  2524 | D:3      | Killed Natasha
  2525 | D:3      | Reached skill level 5 in Maces & Flails
  2525 | D:3      | Reached XP level 6. HP: 40/55 MP: 5/5
  2591 | D:4      | Noticed Menkaure
  2600 | D:4      | Killed Menkaure
  2601 | D:4      | Reached skill level 5 in Fighting
  2670 | D:4      | Noticed an ice beast
  2680 | D:4      | Killed an ice beast
  2681 | D:4      | Reached skill level 6 in Maces & Flails
  2681 | D:4      | Reached XP level 7. HP: 54/61 MP: 6/6
  2993 | D:4      | Noticed a steam dragon
  3013 | D:4      | HP: 4/62 [steam dragon/ball of steam (14)]
  3014 | D:4      | Killed a steam dragon
  3015 | D:4      | Reached skill level 6 in Fighting
  3015 | D:4      | Engulfed by a cloud of steam

Vanquished Creatures
  A steam dragon (D:4)
  Menkaure (D:4)
  An ice beast (D:4)
  A phantom (D:4)
  An orc priest (D:3)
  Jessica (D:3)
  Natasha (thrice) (D:3)
  2 orc wizards (D:3)
  3 gnolls (D:4)
  An adder (D:2)
  An ufetubus (D:4)
  5 orcs (D:2 D:3 D:4)
  4 ball pythons (D:2 D:3 D:4)
  8 endoplasms (D:1 D:2 D:3 D:4)
  5 giant cockroaches (D:1 D:2 D:4)
  6 goblins (D:1 D:2 D:3 D:4)
  4 hobgoblins (D:2 D:3 D:4)
  A quokka (D:1)
  4 bats (D:1)
  3 kobolds (D:1 D:2)
  2 rats (D:2 D:3)
58 creatures vanquished.

Table legend: (Time is in decaauts)
 A = Elapsed time spent in this place.
 B = Non-inter-level travel time spent in this place.
 C = Inter-level travel time spent in this place.
 D = Time resting spent in this place.
 E = Time spent auto-exploring this place.
 F = Levels seen in this place.
 G = Mean time per level.
                   A        B        C        D        E       F      G
               +--------+--------+--------+--------+--------+-----+--------+
         Total |   3059 |   2835 |    224 |    294 |   1909 |   4 |  764.8 |
       Dungeon |   3059 |   2835 |    224 |    294 |   1909 |   4 |  764.8 |
               +--------+--------+--------+--------+--------+-----+--------+

Top non-repeatable levels by time:
     D:3: 929 daAuts
     D:1: 850 daAuts
     D:2: 773 daAuts
     D:4: 507 daAuts

Table legend:
 A = Non-vault XP
 B = Vault XP
 C = Vault XP percentage of total XP
 D = Non-vault monster count
 E = Vault monster count
 F = Vault count percentage of total count
                 A         B        C        D         E       F
            +---------+---------+-------+---------+---------+-------
      Total |     745 |     251 |  25.2 |      52 |       6 |  10.3
            +---------+---------+-------+---------+---------+-------
        D:1 |      17 |       0 |   0.0 |      11 |       0 |   0.0
        D:2 |      39 |       2 |   4.9 |      14 |       1 |   6.7
        D:3 |     193 |      72 |  27.2 |      12 |       2 |  14.3
        D:4 |     496 |     177 |  26.3 |      15 |       3 |  16.7
            +---------+---------+-------+---------+---------+-------
